Description

Fixed phoenix building, since it was a hallucination.

Build Order

Get SALT Encoding   

  14  0:17  Pylon  
  15  0:38  Gateway  
  16  0:49  Assimilator  
  18  0:58  Assimilator  
  18  1:08  Gateway  
  20  1:27  Cybernetics Core  
  21  1:36  Pylon  
  24  2:02  Warp Gate (Chrono Boost)  
  24  2:04  Stalker x2  
  28  2:12  Pylon  
  29  2:34  Sentry x2  
  33  2:41  Nexus  
  33  2:48  Shield Battery  
  34  3:02  Sentry  
  37  3:08  Pylon  
  38  3:26  Twilight Council  
  40  3:44  Stalker x2  
  45  4:02  Forge  
  47  4:03  Blink  
  52  4:28  Assimilator  
  52  4:29  Gateway x2  
  53  4:33  Protoss Ground Weapons Level 1 (Chrono Boost)  
  53  4:37  Robotics Facility  
  55  4:51  Pylon  
  57  5:03  Nexus  
  60  5:22  Stalker x2  
  60  5:25  Observer  
  65  5:31  Stalker x2  
  71  5:46  Shield Battery  
  73  5:52  Observer  
  75  5:57  Stalker x2  
  88  6:22  Gateway  
  90  6:29  Gateway  
  91  6:38  Assimilator x2  
  94  6:50  Robotics Bay  
  94  6:53  Robotics Facility  
  95  6:56  Photon Cannon x2  
  102  7:09  Zealot x2  
  106  7:27  Nexus  
Spawning Tool Build Advisor. Get it on Overwolf

Analysis

After the build finishes (after 7:00), you can add 2 stargates and go into either carriers or tempests.

Go to:

Details

  • Created by: flashandfoul
  • Published on: Oct 14, 2022
  • Modified on: Oct 23, 2022
  • Patch: 4.11.0
  • Difficulty: Medium
Show
View Real Time Build Order
Export as new Build Order

Comments (0)

There are no comments. Be the first!

Create an account to comment!